 Dungeon Crawl Stone Soup version 0.28-a0-804-g60983d4ba9 (webtiles) character file.

Game seed: 126891115004176862

98 siradein the Skirmisher (level 4, 0/37 HPs)
             Began as a Demonspawn Fighter on Nov 8, 2021.
             Slain by an orc wizard (1 damage)
             ... on level 3 of the Dungeon.
             The game lasted 00:07:39 (2032 turns).

siradein the Skirmisher (Demonspawn Fighter)        Turns: 2032, Time: 00:07:40

Health: 0/37       AC:  9    Str: 17    XL:     4   Next: 44%
Magic:  4/4        EV:  6    Int: 10    God:
Gold:   36         SH:  0    Dex: 12    Spells: 3/3 levels left

rFire   . . .      SeeInvis .   a - +0 long sword
rCold   . . .      Faith    .   c - +0 buckler
rNeg    . . .      Spirit   .   e - +0 chain mail
rPois   .          Reflect  .   (helmet restricted)
rElec   .          Harm     .   (no cloak)
rCorr   .          Rampage  .   (no gloves)
Will    .....                   (no boots)
Stlth   ..........              j - amulet of regeneration
HPRegen 1.12/turn               (no ring)
MPRegen 0.18/turn               (no ring)

@: confused, mighty
A: antennae 2, magic regeneration
a: no special abilities


You were on level 3 of the Dungeon.
You visited 1 branch of the dungeon, and saw 3 of its levels.

You collected 36 gold pieces.

Inventory:

Hand Weapons
 a - a +0 long sword (weapon)
Missiles
 i - a throwing net (quivered)
 l - 22 poisoned darts
Armour
 c - a +0 buckler (worn)
 e - a +0 chain mail (worn)
Jewellery
 j - an amulet of regeneration (around neck)
Scrolls
 f - 4 scrolls of identify {unknown}
 g - 3 scrolls of teleportation {unknown}
 k - a scroll of fear {unknown}
 m - a scroll of amnesia {unknown}
Potions
 b - a potion of haste {unknown}
 h - a potion of heal wounds {unknown}


   Skills:
 + Level 3.7 Fighting
 + Level 2.5 Long Blades
 + Level 3.3 Armour
 + Level 3.3 Shields


You had 3 spell levels left.
You didn't know any spells.
Your spell library was empty.

Dungeon Overview and Level Annotations

Branches:
Dungeon (3/15)

Altars:


Innate Abilities, Weirdness & Mutations

You have a pair of antennae on your head.
You regenerate magic rapidly.


Message History

The orc wizard hits you but does no damage.
You closely miss the orc.
The orc is heavily wounded.
Something hits you but does no damage. The orc barely misses you.
You block the orc's attack. You block the orc wizard's attack.
You hear some strange, mumbled words.
A puff of flame appears from out of thin air!
The puff of flame hits you! The orc hits you but does no damage.
You completely miss the orc.
The orc is heavily wounded.
The orc hits you but does no damage.
The orc wizard hits you with a +0 dagger.
* * * LOW HITPOINT WARNING * * *
Something hits you but does no damage. The orc hits you but does no damage. x2
You hit the orc.
You kill the orc!
The orc wizard casts a spell.
The orc wizard flickers and vanishes!
You hear some strange, mumbled words.
A puff of flame appears from out of thin air!
The puff of flame hits you!
* * * LOW HITPOINT WARNING * * *
The orc hits you but does no damage.
You feel very mighty all of a sudden.
Something hits you but does no damage. x2; The orc hits you but does no damage.
You completely miss the orc.
You hear some strange, mumbled words.
You are confused.
Something hits you but does no damage. The orc hits you but does no damage.
You hear some strange, mumbled words.
A magic dart appears from out of thin air!
The magic dart hits you.
* * * LOW HITPOINT WARNING * * *
Something hits you.
* * * LOW HITPOINT WARNING * * *
Unknown command.
You bump into the rock wall.
The orc hits you with a +0 short sword.
* * * LOW HITPOINT WARNING * * *
Something hits you but does no damage. Something hits you.
You die...

#.{ #.#........# #.#.#
#..{ #.######...#
#.#.# .#...
#........>.# #.#.#
......#####.......##.#
#.#.#
.o....'.).'.......##.#
#.#.#
......#####.......##.#
#.#.# .....o
#.......##.# #.#.#
.... #)o.....##.#
#.#.# ... #@{.....##.#
#.#.# .o #.{.....##.#
#.#.# . ###.######.#
#.#.# ###.######.#
#.#.# #..........#
#.#.# #.#.########
#.#.# #.#....# #.#..
#.####.# #(###
#.####.# #.#


You could see an orc.

Vanquished Creatures
  Jessica (D:2)
  2 adders
  2 worms
  A dart slug (D:1)
  2 orcs (D:3)
  5 endoplasms
  A giant cockroach (D:1)
  5 goblins
  A hobgoblin (D:2)
  2 jackals (D:3)
  3 quokkas
  3 ball pythons (D:2)
  5 bats
  6 kobolds
  5 rats
44 creatures vanquished.

Notes
Turn   | Place    | Note
-------+----------+-------------------------------------------
     0 | D:1      | siradein the Demonspawn Fighter began the quest for the
                  | Orb.
     0 | D:1      | Reached XP level 1. HP: 18/18 MP: 1/1
   138 | D:1      | Gained mutation: You regenerate magic rapidly. [demonic
                  | ancestry]
   138 | D:1      | Reached XP level 2. HP: 20/24 MP: 2/2
  1125 | D:2      | Gained mutation: You have a pair of small antennae on your
                  | head. [demonic ancestry]
  1125 | D:2      | Reached XP level 3. HP: 26/29 MP: 3/3
  1464 | D:2      | Noticed Jessica
  1473 | D:2      | Killed Jessica
  1474 | D:2      | Gained mutation: You have a pair of antennae on your head.
                  | [demonic ancestry]
  1474 | D:2      | Reached XP level 4. HP: 35/35 MP: 4/4
  2032 | D:3      | HP: 1/37 [orc (3)]
  2032 | D:3      | Slain by an orc wizard

Illustrated notes

Levels and vault maps discovered:
D:1:      nicolae_arrival_memento_mori, layout_basic
D:2:      layout_loops_ring, uniq_jessica
D:3:      layout_basic, uniq_natasha

Skill      XL: |  1  2 |
---------------+-------+-----
Long Blades    | 2 |  2.5
Armour         | 3 |  3.3
Shields        | 3 |  3.3
Fighting       | |  3.7

Action                   |  1- 3 |  4- 6 || total
-------------------------+-------+-------++-------
Melee: Long sword        |   102 |    47 ||   149
  Use: Potion            |       |     1 ||     1
Armor: Scale mail        |     7 |       ||     7
       Chain mail        |    43 |    80 ||   123
Dodge: Dodged            |    44 |    14 ||    58
Block: Buckler           |    20 |    12 ||    32

Table legend: (Time is in decaauts)
 A = Elapsed time spent in this place.
 B = Non-inter-level travel time spent in this place.
 C = Inter-level travel time spent in this place.
 D = Time resting spent in this place.
 E = Time spent auto-exploring this place.
 F = Levels seen in this place.
 G = Mean time per level.
                   A        B        C        D        E       F      G
               +--------+--------+--------+--------+--------+-----+--------+
         Total |   2077 |   2044 |     33 |      6 |   1618 |   3 |  692.3 |
       Dungeon |   2077 |   2044 |     33 |      6 |   1618 |   3 |  692.3 |
               +--------+--------+--------+--------+--------+-----+--------+

Top non-repeatable levels by time:
     D:1: 1047 daAuts
     D:2: 705 daAuts
     D:3: 325 daAuts
